 Dungeon Crawl Stone Soup version 0.22.1-1-ga44c0e5 (webtiles) character file.

3081 jerryfan the Covert (level 10, -1/65 HPs)
             Began as a Halfling Assassin on Sept 20, 2018.
             Was an Initiate of Ashenzari.
             Succumbed to a hornet's poison
             ... on level 8 of the Dungeon on Sept 21, 2018.
             The game lasted 00:27:13 (7961 turns).

jerryfan the Covert (Halfling Assassin)             Turns: 7961, Time: 00:27:14

Health: -1/65      AC:  3    Str: 10    XL:     10   Next: 12%
Magic:  12/12      EV: 19    Int:  9    God:    Ashenzari [......]
Gold:   320        SH:  0    Dex: 19    Spells: 9/9 levels left

rFire    + . .     SeeInvis .   p - +2 short sword (venom) (curse)
rCold    . . .     Gourm    .   (shield restricted)
rNeg     . . .     Faith    .   c - +0 robe
rPois    .         Spirit   .   (no helmet)
rElec    +         Reflect  .   w - +0 cloak of Grace {+Blink rElec rCorr Str-3} (curse)
rCorr    +         Harm     .   (no gloves)
MR       .....                  (no boots)
Stlth    +++++.....             (no amulet)
HPRegen  0.20/turn              o - ring of protection from fire
MPRegen  0.13/turn              D - ring of flight

@: lethally poisoned (-1 -> -42), slowed, very slow
A: small, mutation resistance 1
a: Curse Item, Renounce Religion, Evoke Blink, Evoke Flight


You were on level 8 of the Dungeon.
You worshipped Ashenzari.
Ashenzari was noncommittal.
You were hungry.

You visited 2 branches of the dungeon, and saw 9 of its levels.

You collected 320 gold pieces.

Inventory:

Hand Weapons
 a - a +2 dagger
 b - a +0 blowgun
 p - a cursed +2 short sword of venom (weapon)
 r - a +1 dagger of protection
 u - a +0 rapier
 v - a +1 dagger of venom
 A - a +4 dagger of protection
 C - the +5 long sword of Qethefay {antimagic, rElec MR- MP+9 SInv}
   (You found it on level 7 of the Dungeon)

   It reduces the magical energy of the wielder, and disrupts the spells and
   magical abilities of those hit.
   Natural abilities and divine invocations are not affected.
   It insulates you from electricity.
   It affects your resistance to hostile enchantments.
   It affects your magic capacity (+9).
   It lets you see invisible.
Missiles
 e - 71 poisoned needles
 q - a curare-tipped needle
 z - 13 tomahawks (quivered)
Armour
 c - a +0 robe (worn)
 d - a +0 cloak
 f - a +0 leather armour of poison resistance
 w - the cursed +0 cloak of Grace (worn) {+Blink rElec rCorr Str-3}
   (You found it on level 5 of the Dungeon)

   It affects your strength (-3).
   It insulates you from electricity.
   It lets you blink.
   It provides partial protection from all sources of acid and corrosion.
   It has a curse placed upon it.
 x - a scarf of repulsion
Jewellery
 o - a ring of protection from fire (left hand)
 D - a ring of flight (right hand)
Wands
 s - a wand of acid (5)
 t - a wand of iceblast (9)
Scrolls
 h - 4 scrolls of teleportation
 i - a scroll of fear
 k - 3 scrolls of identify
 l - a scroll of remove curse
 y - a scroll of immolation
Potions
 j - 2 potions of flight
 n - 2 potions of agility
Comestibles
 g - 20 rations


   Skills:
 + Level 4.8 Fighting
 * Level 9.0 Short Blades
 - Level 4.1 Throwing
 + Level 5.5 Dodging
 * Level 9.6 Stealth
 + Level 3.2 Evocations


You had 9 spell levels left.
You didn't know any spells.
Your spell library contained the following spells:

 Spells                   Type           Power        Failure   Level  Hunger
 Apportation              Tloc           #.....       38%         1    ##.....
 Infusion                 Chrm           #...         38%         1    ##.....
 Magic Dart               Conj           #...         38%         1    ##.....
 Summon Butterflies       Summ           #.......     38%         1    ##.....
 Searing Ray              Conj           #.....       52%         2    ###....
 Shroud of Golubria       Chrm/Tloc      #.........   52%         2    ###....
 Song of Slaying          Chrm           #.......     52%         2    ###....
 Dazzling Spray           Conj/Hex       #.....       77%         3    ####...
 Lesser Beckoning         Tloc           #.........   77%         3    ####...
 Regeneration             Chrm/Necr      #.........   77%         3    ####...
 Spectral Weapon          Hex/Chrm       #.......     77%         3    ####...
 Tukima's Dance           Hex            #.......     77%         3    ####...
 Force Lance              Conj/Tloc      #.......     99%         4    #####..
 Fulminant Prism          Conj/Hex       #.........   99%         4    #####..
 Iskenderun's Mystic Bla  Conj           #.......     99%         4    #####..
 Alistair's Intoxication  Tmut/Pois      #.......     100%        5    ######.
 Invisibility             Hex            #.......     100%        6    #######


Dungeon Overview and Level Annotations

Branches:
Dungeon (8/15)             Temple (1/1) D:6
   Lair: D:8-11

Altars:
Ashenzari
Cheibriados
Dithmenos
Fedhas
Gozag
Makhleb
Nemelex Xobeh
Ru
Sif Muna
Trog
Vehumet
Wu Jian
Zin
The Shining One

Shops:
D:4 %


Innate Abilities, Weirdness & Mutations

You are small and have problems with some larger weapons.
You are somewhat resistant to further mutation.


Message History

The hornet barely misses you. The hornet closely misses you.
You hit the hornet.
The hornet looks as sick as possible!
The hornet is severely wounded.
* * * LOW HITPOINT WARNING * * *
You feel very sick. The hornet closely misses you. The hornet stings you!
* * * LOW HITPOINT WARNING * * *
You are more poisoned.
You feel as though you will be slow longer.
You hit the hornet but do no damage.
The hornet is almost dead.
* * * LOW HITPOINT WARNING * * *
You feel sick. The hornet barely misses you. The hornet stings you.
* * * LOW HITPOINT WARNING * * *
You are more poisoned.
You feel as though you will be slow longer.
Okay, then.
You hit the hornet but do no damage.
The hornet looks as sick as possible!
The hornet is almost dead.
You die...

###.###.#
#.###.##
#.##...#####
#..[.#......
####...#####
##.## # #.#
###.#
#.######o#.#
#....@yoo..#
########S#.....
#........
oy#......
..S..#....
_S... . ...
......... .#
....8... .. #
#..........##


You could see a hornet, an orc wizard, an adder and 2 orcs.

Vanquished Creatures
  4 hogs (D:7)
  A human (D:7)
  2 wargs (D:8)
  Duvessa (D:4)
  A water moccasin (D:7)
  An orc warrior (D:7)
  A necrophage (D:7)
  A sky beast (D:6)
  2 ogres
  A phantom (D:5)
  A centaur (D:5)
  A crocodile (D:7)
  4 bullfrogs (D:7)
  Dowan (D:4)
  A crimson imp (D:7)
  A bullfrog zombie (D:6)
  A hound (D:6)
  A jelly (D:6)
  An orc priest (D:8)
  4 iguanas
  6 orc wizards
  Natasha (thrice) (D:4)
  6 worker ants
  A killer bee zombie (D:6)
  A mummy (D:6)
  A worker ant zombie (D:6)
  Robin (D:2)
  9 adders
  3 gnolls
  A shadow imp (D:7)
  2 oozes
  An adder skeleton (D:7)
  2 worms (D:2)
  2 dart slugs
  5 leopard geckos
  21 orcs
  9 bats
  3 giant cockroaches
  11 goblins
  11 hobgoblins
  13 jackals
  15 kobolds
  4 quokkas
  A ball python (D:2)
  6 frilled lizards
  2 jackal skeletons
  2 leopard gecko skeletons (D:4)
  6 rats
179 creatures vanquished.

Vanquished Creatures (others)
  A plant (D:8)
1 creature vanquished.

Grand Total: 180 creatures vanquished

Notes
Turn   | Place    | Note
-------+----------+-------------------------------------------
     0 | D:1      | jerryfan the Halfling Assassin began the quest for the Orb.
     0 | D:1      | Reached XP level 1. HP: 14/14 MP: 1/1
    72 | D:1      | Reached XP level 2. HP: 17/19 MP: 2/2
   286 | D:1      | Reached XP level 3. HP: 22/24 MP: 3/3
   473 | D:1      | Found a glowing golden altar of the Shining One.
   698 | D:2      | Noticed Robin
   758 | D:3      | Found a glowing silver altar of Zin.
   804 | D:3      | Reached XP level 4. HP: 23/29 MP: 4/4
  1181 | D:2      | Killed Robin
  1181 | D:2      | Reached skill level 5 in Stealth
  1480 | D:2      | Reached XP level 5. HP: 34/34 MP: 5/5
  1768 | D:3      | Found a sacrificial altar of Ru.
  1871 | D:3      | Noticed an ogre
  1933 | D:3      | Killed an ogre
  1933 | D:3      | Reached XP level 6. HP: 41/41 MP: 6/6
  2289 | D:4      | Found Xerhiof's Food Emporium.
  2374 | D:4      | Noticed Natasha
  2379 | D:4      | Killed Natasha
  2389 | D:4      | Noticed Natasha
  2397 | D:4      | Killed Natasha
  2430 | D:4      | Noticed Natasha
  2439 | D:4      | Killed Natasha
  2657 | D:4      | Noticed Dowan
  2667 | D:4      | Noticed Duvessa
  2690 | D:4      | Gained mutation: Your mind is acute. (Int +2) [potion of
                  | mutation]
  2690 | D:4      | Gained mutation: You are partially covered in iridescent
                  | scales. (AC +2) [potion of mutation]
  2699 | D:4      | Killed Duvessa
  2699 | D:4      | Reached skill level 5 in Short Blades
  2699 | D:4      | Reached XP level 7. HP: 16/45 MP: 7/7
  2713 | D:4      | Killed Dowan
  3470 | D:5      | Entered Level 5 of the Dungeon
  3931 | D:5      | Reached XP level 8. HP: 47/52 MP: 8/8
  3998 | D:5      | Got a polished cloak
  4009 | D:5      | Identified the cursed +0 cloak of Grace {+Blink rElec rCorr
                  | Str-3} (You found it on level 5 of the Dungeon)
  4065 | D:5      | Found an ornate altar of the Wu Jian Council.
  4330 | D:6      | Found a snail-covered altar of Cheibriados.
  5199 | D:6      | Paralysed by an orc for 7 turns
  5213 | D:6      | Paralysed by an orc for 6 turns
  5497 | D:6      | Found a staircase to the Ecumenical Temple.
  5535 | Temple   | Entered the Ecumenical Temple
  5568 | Temple   | Became a worshipper of Ashenzari the Shackled
  5974 | D:7      | Reached XP level 9. HP: 58/58 MP: 9/9
  6005 | D:7      | Reached skill level 1 in Evocations
  6131 | D:7      | Identified the +5 long sword of Qethefay {antimagic, rElec
                  | MR- MP+9 SInv}
  6546 | D:7      | Reached skill level 5 in Dodging
  7447 | D:8      | Reached XP level 10. HP: 65/65 MP: 12/12
  7607 | D:8      | HP: 2/97 [warg (6)]
  7945 | D:8      | Found a radiant altar of Vehumet.
  7958 | D:8      | Lost mutation: Your mind is acute. (Int +2) [potion of
                  | mutation]
  7958 | D:8      | Lost mutation: You are partially covered in iridescent
                  | scales. (AC +2) [potion of mutation]
  7960 | D:8      | HP: 2/65 [hornet (2)]
  7961 | D:8      | Succumbed to a hornet's poison

Skill      XL: |  1  2  3  4  5  6  7  8  9 10 |
---------------+-------------------------------+-----
Short Blades   | 3 4 5 7 8 9 |  9.0
Fighting       | 2 3 4 |  4.8
Dodging        | 2 3 4 5 |  5.5
Stealth        | 5 6 8 9 |  9.6
Throwing       | 3 4 |  4.1
Evocations     | 3 |  3.2

Action                   |  1- 3 |  4- 6 |  7- 9 | 10-12 || total
-------------------------+-------+-------+-------+-------++-------
Melee: Dagger            |    66 |       |    43 |       ||   109
       Short sword       |    24 |   162 |   378 |    46 ||   610
 Fire: Blowgun           |       |     9 |    13 |       ||    22
Invok: Curse Item        |       |       |     1 |       ||     1
Evoke: Wand              |       |       |     1 |       ||     1
  Use: Scroll            |     1 |     6 |     4 |       ||    11
       Potion            |       |     8 |     6 |     3 ||    17
 Stab: Sleeping          |     5 |     6 |    10 |     1 ||    22
       Distracted        |       |     1 |     2 |       ||     3
       Invisible         |       |     2 |       |       ||     2
       Paralysed         |       |       |     1 |       ||     1
  Eat: Chunk             |       |     6 |    15 |     1 ||    22
Armor: Robe              |    13 |    16 |    70 |     2 ||   101
       Skin              |       |     5 |    23 |     3 ||    31
Dodge: Dodged            |    71 |   103 |   269 |    22 ||   465
